 Dungeon Crawl Stone Soup version 0.27.1-33-g824d729ab1 (webtiles) character file.

Game seed: 190791478754319925

23 Rhonda the Gusty (level 2, 0/11 HPs)
             Began as a Felid Air Elementalist on Dec 24, 2021.
             Slain by a worm (10 damage)
             ... on level 2 of the Dungeon.
             The game lasted 00:05:57 (1087 turns).

Rhonda the Gusty (Felid Air Elementalist)           Turns: 1087, Time: 00:05:58

Health: 0/11       AC:  1    Str:  4    XL:     2   Next: 75%
Magic:  1/6        EV: 14    Int: 16    God:
Gold:   40         SH:  0    Dex: 16    Spells: 2/5 levels left
                                        Lives:  0   Deaths: 0

rFire    . . .     SeeInvis +   (weapon unavailable)
rCold    . . .     Faith    .   (shield unavailable)
rNeg     . . .     Spirit   .   (armour unavailable)
rPois    .         Reflect  .   (helmet unavailable)
rElec    .         Harm     .   (cloak unavailable)
rCorr    .         Rampage  .   (gloves unavailable)
Will     .....                  (boots unavailable)
Stlth    ++........             (no amulet)
HPRegen  0.03/turn              (no ring)
MPRegen  0.10/turn              (no ring)

@: constricted, quick
A: very small, claws 1, fangs 3, see invisible, speed 1, shaggy fur 1, stealthy
paws, no weapons or thrown items, no armour, multi-lived
a: no special abilities


You were on level 2 of the Dungeon.
You visited 1 branch of the dungeon, and saw 2 of its levels.

You collected 40 gold pieces.

Inventory:

Scrolls
 d - a scroll of amnesia
Potions
 a - a potion of degeneration {unknown}
 b - a potion of invisibility {unknown}
 c - a potion of haste {unknown}


   Skills:
 + Level 2.8 Dodging
 + Level 2.8 Stealth
 + Level 0.3 Unarmed Combat
 + Level 2.1 Spellcasting
 + Level 1.3 Conjurations
 + Level 3.2 Air Magic


You had 2 spell levels left.
You knew the following spells:

 Your Spells              Type           Power      Damage    Failure   Level
a - Shock                 Conj/Air       32%        1d5       9%          1
b - Static Discharge      Conj/Air       8%         N/A       12%         2

Your spell library contained the following spells:

 Spells                   Type           Power      Damage    Failure   Level
 Swiftness                Air            12%        N/A       16%         3
 Airstrike                Air            6%         N/A       47%         4


Dungeon Overview and Level Annotations

Branches:
Dungeon (2/15)

Altars:

Shops:
D:2 [


Innate Abilities, Weirdness & Mutations

You have sharp claws.
You have razor-sharp teeth.
You have supernaturally acute eyesight. (SInv)
You cover ground quickly. (Speed+)
You are covered in fur. (AC +1)
Your paws help you pounce on unaware monsters.
You are incapable of wielding weapons or throwing items.
You cannot wear armour.
You gain extra lives every three experience levels.


Message History

Aim: a worm (moderately wounded, 89% to hit)
The zap hits the worm.
The worm is moderately wounded.
The zap hits the ball python.
The ball python is severely wounded.
Casting: Shock (safe; 9% risk of failure)
Confirm with . or Enter, or press ? or * to list all spells.
The worm is struck by an arc of lightning.
The worm is heavily wounded.
The lightning grounds out.
The worm is caught in a web!
You scratch the worm but do no damage.
The worm is heavily wounded.
The ball python closely misses you. The ball python barely misses you.
The worm struggles to get unstuck from the web.
The ball python misses you. The ball python completely misses you.
Your magical contamination has completely faded away.
You scratch the worm.
The worm is heavily wounded.
The ball python misses you. The ball python completely misses you.
You catch the helpless worm completely off-guard!
You scratch the worm.
The worm is almost dead.
The worm struggles to get unstuck from the web.
The ball python closely misses you. The ball python barely misses you.
You scratch the worm but do no damage.
The worm is almost dead.
The ball python bites you but does no damage.
The ball python grabs you. The ball python constricts you.
A bat comes into view.
The worm pulls away from the web.
You scratch the worm but do no damage.
The worm is severely wounded.
The ball python barely misses you. The ball python constricts you.
You barely miss the worm.
The worm is severely wounded.
The bat closely misses you. The ball python closely misses you.
The ball python constricts you. The bat barely misses you. The worm bites you!
Ouch! That really hurt!
You die...

## #. #### #. ####
##[. #< #...
..############
#..####.#...(.......
#.......#.#.........
#..@##....#>........
#.Swb.#...#######.##
#$..##.#......# #.#
#.....#.#..##.# #.#
#...##.#.#... #.#
#....#.#.#.... ..#
##.._# #P#....# ###
#...# #. .##.# #..##
#. .# .#


You could see a worm, a bat and a ball python.

Vanquished Creatures
  3 ball pythons (D:1)
  5 endoplasms
  A giant cockroach (D:1)
  A goblin (D:1)
  2 hobgoblins (D:1)
  2 quokkas (D:1)
  2 bats
  4 frilled lizards (D:1)
20 creatures vanquished.

Vanquished Creatures (others)
  2 fungi (D:2)
  A plant (D:2)
3 creatures vanquished.

Grand Total: 23 creatures vanquished

Notes
Turn   | Place    | Note
-------+----------+-------------------------------------------
     0 | D:1      | Rhonda the Felid Air Elementalist began the quest for the
                  | Orb.
     0 | D:1      | Reached XP level 1. HP: 7/7 MP: 4/4
    86 | D:1      | Reached skill level 1 in Conjurations
   174 | D:1      | Reached XP level 2. HP: 9/11 MP: 0/6
   181 | D:1      | Learned a level 2 spell: Static Discharge
   221 | D:1      | Reached skill level 3 in Air Magic
  1040 | D:2      | Found Galidyish's Antique Armour Shoppe.
  1073 | D:2      | Found a faded altar of an unknown god.
  1087 | D:2      | Slain by a worm

Illustrated notes

Levels and vault maps discovered:
D:1:      shiori_arrival_maze, layout_basic
D:2:      layout_basic, shapermc_ecumenical_altar_rom_forum, serial_shops,
          shop_statue

Skill      XL: |  1  2 |
---------------+-------+-----
Conjurations   | 1 |  1.3
Air Magic      | 3 |  3.2
Dodging        | |  2.8
Stealth        | |  2.8
Unarmed Combat | |  0.3
Spellcasting   | |  2.1

Action                   || total
-------------------------++-------
Melee: Unarmed           ||    20
       Bite              ||     2
 Cast: Shock             ||    29
       Static Discharge  ||     3
  Use: Scroll            ||     1
 Stab: Sleeping          ||     1
       Held in net/web   ||     1
Armor: Skin              ||     3
Dodge: Dodged            ||    24
